 Dungeon Crawl Stone Soup version bcrawl-1.40.2 (webtiles) character file.

Game seed: 17943360644772319720

174231 Mehrunes the Chopper (level 6, 0/50 HPs)
             Began as a Demigod Skald on Nov 3, 2023.
             Killed by divine providence
             ... invoked by an orc priest
              (11 damage)
             ... on level 4 of the Dungeon.
             The game lasted 00:03:30 (3626 turns).

Mehrunes the Chopper (Demigod Skald)                Turns: 3626, Time: 00:03:30

Health: 0/50       AC:  3    Str: 19    XL:     6   Next: 55%
Magic:  8/11       EV: 13    Int: 17    God:    Demigod [*.....]
Gold:   196        SH:  6    Dex: 16    Spells: 3/9 levels left

rFire    . . .     GDR:     30% a - +0 war axe
rCold    + . .     SeeInvis .   (no shield)
rNeg     . . .     Gourm    .   b - +0 leather armour
rPois    .         Faith    .   (no helmet)
rElec    .         Spirit   .   (no cloak)
rCorr    .         Reflect  .   (no gloves)
MR       .....                  (no boots)
Stlth    +.........             d - amulet of magic regeneration
HPRegen  0.18/turn              h - ring of protection from cold
MPRegen  0.26/turn              (no ring)

@: singing (expiring)
A: high mp 1
a: Temporal Distortion


You were on level 4 of the Dungeon.
You worshipped Demigod.
Demigod was aware of your devotion.
You were hungry.

You visited 1 branch of the dungeon, and saw 4 of its levels.

You collected 196 gold pieces.

Inventory:

Hand Weapons
 a - a +0 war axe (weapon)
 p - a +0 dagger of venom
 q - a +0 hunting sling
Missiles
 r - 700 stones (quivered)
Armour
 b - a +0 leather armour (worn)
Jewellery
 d - an amulet of magic regeneration (around neck)
 h - a ring of protection from cold (left hand)
 k - an uncursed ring of resist corrosion {unknown}
 u - an uncursed amulet of the gourmand {unknown}
 w - an uncursed amulet of guardian spirit
 y - a cursed ring of protection from cold
Wands
 x - a wand of polymorph (8)
Scrolls
 c - a scroll of remove curse {unknown}
 f - a scroll of fear
 g - 2 scrolls of amnesia {unknown}
 i - 3 scrolls of identify
 m - 2 scrolls of teleportation {unknown}
 n - 2 scrolls of enchant armour {unknown}
 t - a scroll of blinking {unknown}
Potions
 j - 2 potions of curing {unknown}
 l - a potion of might {unknown}
 o - a potion of agility {unknown}
 s - a potion of lignification {unknown}
 v - 5 potions of heal wounds {unknown}
Comestibles
 e - 12 rations {!d}


   Skills:
 + Level 2.9 Fighting
 * Level 3.7 Axes
 + Level 2.4 Armour
 + Level 2.9 Dodging
 - Level 2.0 Spellcasting
 + Level 3.6 Charms
 + Level 1.4 Evocations


You had 3 spell levels left.
You knew the following spells:

 Your Spells              Type           Power        Failure   Level  Hunger
a - Infusion              Chrm           ##......     5%          1    None
b - Song of Slaying       Chrm           ##......     8%          2    ##.....
c - Spectral Weapon       Hex/Chrm       #.......     32%         3    ####...

Your spell library contained the following spells:

 Spells                   Type           Power        Failure   Level  Hunger
 Swiftness                Chrm/Air       #.......     17%         2    ##.....
 Ozocubu's Armour         Chrm/Ice       #.......     32%         3    ####...
 Regeneration             Chrm/Necr      #.........   32%         3    ####...


Dungeon Overview and Level Annotations

Branches:
Dungeon (4/12)
 Temple: D:4-7


Innate Abilities, Weirdness & Mutations

You have an increased reservoir of magic. (+10% MP)


Message History

The orc priest hits you with a +0 trident.
Things that are here:
a cursed -3 club; a +0 ring mail; an orc corpse You slash the orc priest!
The orc priest is almost dead.
Your song is almost over.
The orc priest mumbles some strange prayers to Beogh against you.
Beogh smites you!
* * * LOW HITPOINT WARNING * * *
The orc priest hits you with a +0 trident.
* * * LOW HITPOINT WARNING * * *
The orc barely misses you.
Your magical contamination has completely faded away.
You barely miss the orc priest.
The orc priest is almost dead.
You barely miss the orc.
The orc priest invokes the aid of Beogh against you.
Beogh smites you!
You die...
Your divinity fades.

##(...# ##....# .....#
......#..........# #
##....##....##...# .(
########....##...# ...
##..........#....# ....
##..........#...o##.....
............#...o.......
............##.o@#
#...........##...#
#..#####....#....########
#......#....#....†......#
#......#....'...........+..
#......#....##'######+###..
#......#....#.............#
#......#..).#.............+
#......#....#.............#


You could see 2 orc priests and an orc.

Vanquished Creatures
  A scorpion (D:4)
  A howler monkey (D:4)
  A crimson imp (D:3)
  2 orc wizards (D:3)
  Jessica (D:3)
  Terence (D:2)
  A worker ant (D:4)
  5 adders
  A river rat (D:3)
  9 worms
  3 dart slugs
  A leopard gecko (D:2)
  8 orcs
  3 ball pythons (D:3)
  6 giant cockroaches (D:3)
  5 hobgoblins
  4 jackals (D:3)
  2 quokkas (D:3)
  6 bats
  A frilled lizard (D:3)
  2 goblins
  3 kobolds
  2 rats
69 creatures vanquished.

Notes
Turn   | Place    | Note
-------+----------+-------------------------------------------
     0 | D:1      | Mehrunes the Demigod Skald began the quest for the Orb.
     0 | D:1      | Reached XP level 1. HP: 17/17 MP: 5/5
   315 | D:1      | Reached skill level 1 in Armour
   997 | D:2      | Reached XP level 2. HP: 24/24 MP: 4/7
  1039 | D:2      | Noticed Terence
  1050 | D:2      | Killed Terence
  1051 | D:2      | Reached XP level 3. HP: 25/29 MP: 5/8
  1166 | D:2      | Learned a level 2 spell: Song of Slaying
  1170 | D:2      | Learned a level 3 spell: Spectral Weapon
  1965 | D:3      | Reached XP level 4. HP: 18/36 MP: 6/9
  2113 | D:3      | Reached * piety under Demigod
  2619 | D:3      | Noticed Jessica
  2627 | D:3      | Reached XP level 5. HP: 41/42 MP: 5/10
  2649 | D:3      | Killed Jessica
  2650 | D:3      | Reached skill level 1 in Evocations
  3043 | D:3      | Reached XP level 6. HP: 22/50 MP: 4/11
  3626 | D:4      | Killed from afar by an orc priest

Skill      XL: |  1  2  3  4  5 |
---------------+----------------+-----
Armour         | 1 2 |  2.4
Axes           | 2 3 |  3.7
Fighting       | 2 |  2.9
Dodging        | 2 |  2.9
Spellcasting   | 2 |  2.0
Charms         | 3 |  3.6
Evocations     | 1 |  1.4

Action                   |  1- 3 |  4- 6 || total
-------------------------+-------+-------++-------
Melee: War axe           |    63 |   145 ||   208
 Cast: Infusion          |    12 |    16 ||    28
       Song of Slaying   |       |     3 ||     3
       Spectral Weapon   |       |     2 ||     2
 Stab: Sleeping          |       |     1 ||     1
  Eat: Chunk             |     6 |    11 ||    17
Armor: Leather armour    |    19 |    36 ||    55
Dodge: Dodged            |    51 |   133 ||   184
Block: Other             |       |     3 ||     3
